 Dungeon Sprint DCSS version 0.26-a0-660-gc07710193c (webtiles) character file.

Game seed: 2465203316901726002

25789 mhtbhm the Wrestler (level 12, -29/196 HPs)
             Began as a Troll Berserker on Oct 5, 2020.
             Was the Champion of Trog.
             Annihilated by Donald
             ... wielding a +4 double sword of protection
              (43 damage)
             ... in the Dungeon (Sprint IX: "|||||||||||||||||||||||||||||").
             The game lasted 00:05:18 (1990 turns).

mhtbhm the Wrestler (Troll Berserker)               Turns: 1990, Time: 00:05:19

Health: -29/196    AC: 13    Str: 39    XL:     12   Next: 92%
Magic:  11/11      EV: 16    Int:  2    God:    Trog [******]
Gold:   1250       SH:  0    Dex: 12    Spells: 11/11 levels left

rFire    . . .     SeeInvis +     - Unarmed
rCold    . . .     Faith    .   (no shield)
rNeg     . . .     Spirit   .   a - +0 troll leather armour
rPois    +         Reflect  .   x - +2 hat {SInv}
rElec    .         Harm     .   t - +1 cloak of Beogh's Wrath {rPois MR- Str+8 Int-5}
rCorr    .         Rampage  .   (gloves unavailable)
MR       .....     NoTele   +   (boots unavailable)
Stlth    ..........             u - amulet of the acrobat
HPRegen  1.22/turn              l - +3 ring of dexterity
MPRegen  0.12/turn              k - +3 ring of intelligence

@: berserking, very quick
A: large, unfitting armour, claws 3, regeneration 1, shaggy fur 1, tough skin 3
a: Berserk, Trog's Hand, Brothers in Arms, Renounce Religion


You were in the Dungeon.
You worshipped Trog.
Trog was exalted by your worship.
You visited 1 branch You collected 1943 gold pieces.
You spent 693 gold pieces at shops.

Inventory:

Missiles
 n - 16 large rocks (quivered)
 B - 6 curare-tipped darts
Armour
 a - a +0 troll leather armour (worn)
 t - the +1 cloak of Beogh's Wrath (worn) {rPois MR- Str+8 Int-5}
   (You bought it in a shop in the Dungeon)

   It affects your strength (+8).
   It affects your intelligence (-5).
   It protects you from poison.
   It affects your resistance to hostile enchantments.
 x - a +2 hat of see invisible (worn)
Jewellery
 k - a +3 ring of intelligence (right claw)
 l - a +3 ring of dexterity (left claw)
 u - an amulet of the acrobat (around neck)
 w - an uncursed ring of see invisible
 y - an uncursed ring of protection from magic
 z - an uncursed ring of protection from fire
Wands
 j - a wand of acid (6)
 v - a wand of polymorph (11)
Scrolls
 g - 5 scrolls of blinking
 i - 3 scrolls of remove curse
 o - 2 scrolls of fear
 p - 2 scrolls of fog
 q - 2 scrolls of enchant armour
 r - 2 scrolls of enchant weapon
 A - a scroll of identify
Potions
 b - 6 potions of curing
 c - 7 potions of heal wounds
 d - 2 potions of haste
 e - 4 potions of magic
 f - a potion of berserk rage
 h - a potion of invisibility
 m - 3 potions of resistance
 s - a potion of might


   Skills:
 + Level 11.6 Fighting
 + Level 0.4 Throwing
 + Level 5.9 Armour
 + Level 13.1 Dodging
 + Level 3.6 Stealth
 + Level 23.4 Unarmed Combat
 + Level 1.9 Evocations


You had 11 spell levels left.
You didn't know any spells.
Your spell library was empty.

Dungeon Overview and Level Annotations

Branches:
Dungeon (1/1)

Altars:
Cheibriados
Dithmenos
Elyvilon
Fedhas
Gozag
Hepliaklqana
Kikubaaqudgha
Makhleb
Nemelex Xobeh
Okawaru
Qazlal
Ru
Sif Muna
Trog
Uskayaw
Vehumet
Wu Jian
Xom
Yredelemnul
Zin
The Shining One
Beogh
Jiyva
Lugonu

Shops:
D ([=[

Annotations:
D Donald


Innate Abilities, Weirdness & Mutations

You are too large for most types of armour.
You have claws for hands.
Your natural rate of healing is unusually fast.
You are covered in fur. (AC +1)
You have extremely tough skin. (AC +3)


Message History

You mangle Donald!!
Donald is heavily wounded.
Donald is nearby!
You eviscerate Donald!!!
Donald is almost dead.
Donald hits you with a +4 double sword of protection!!!
* * * LOW HITPOINT WARNING * * *
Donald blocks your attack.
Donald is almost dead.
Donald hits you but does no damage.
A red film seems to cover your vision as you go berserk!
You feel yourself moving faster!
You feel mighty!
Donald hits you with a +4 double sword of protection!!
* * * LOW HITPOINT WARNING * * *
You scratch Donald but do no damage.
Donald is almost dead.
Donald blocks your attack.
You claw Donald, but do no damage.
Donald is almost dead.
Donald hits you with a +4 double sword of protection!!!
You die...

▓.▓.▓.▓.▓'▓.▓.▓
▓.▓.▓.▓.▓.▓.▓.▓.▓
▓.▓'▓.▓.▓.▓.▓.▓.▓
▓.▓.▓.▓.▓.▓!▓.▓'▓
▓.▓.▓.▓.▓.▓.▓.▓.▓
▓.▓.▓.▓.▓.▓.▓.▓.▓
▓.▓.▓.▓(▓.▓(▓.▓.▓
▓@▓[▓)▓)▓.▓.▓.▓.▓
▓@▓)▓.▓÷▓.▓.▓.▓.▓
▓.▓)▓.▓)▓.▓.▓.▓'▓
▓.▓)▓.▓)▓.▓.▓.▓_▓
▓.▓)▓.▓[▓.▓.▓.▓_▓
▓.▓)▓.▓)▓.▓.▓.▓_▓
▓.▓)▓.▓.▓.▓)▓.▓_▓
▓.▓)▓.▓.▓.▓÷▓.▓_▓
▓.▓)▓.▓.▓.▓÷▓.▓_▓
▓.▓.▓.▓.▓.▓÷▓.▓_▓


You could see Donald (fast, strong).

Vanquished Creatures
  Saint Roka (D)
  Gastronok (D)
  4 stone giants (D)
  An ettin (D)
  An ogre mage (D)
  A death knight (D)
  A catoblepas (D)
  A two-headed ogre (D)
  A deep troll earth mage (D)
  2 death yaks (D)
  Sonja (D)
  An orc high priest (D)
  A skeletal warrior (D)
  A wolf spider (D)
  3 orc sorcerers (D)
  An orc knight (D)
  2 ugly things (D)
  An oklob plant (D)
  Psyche (D)
  A cane toad (D)
  2 komodo dragons (D)
  A rime drake (D)
  2 trolls (D)
  4 blink frogs (D)
  5 yaks (D)
  A basilisk (D)
  An acid dragon (D)
  A warg (D)
  A water moccasin (D)
  A sky beast (D)
  10 orc warriors (D)
  An ice beast (D)
  2 ogres (D)
  A centaur (D)
  5 bullfrogs (D)
  A hound (D)
  3 orc priests (D)
  13 orc wizards (D)
  A worker ant (D)
  A white imp (D)
  An ufetubus (D)
  An adder zombie (D)
  14 orcs (D)
  A bat skeleton (D)
  A hobgoblin (D)
  A bat (D)
  2 frilled lizards (D)
  2 kobolds (D)
  A quokka skeleton (D)
108 creatures vanquished.

Vanquished Creatures (collateral kills)
  2 cane toads (D)
  A komodo dragon (D)
3 creatures vanquished.

Grand Total: 111 creatures vanquished

Notes
Turn   | Place    | Note
-------+----------+-------------------------------------------
     0 | D        | mhtbhm the Troll Berserker began the quest for the Orb.
     0 | D        | Reached XP level 1. HP: 22/22 MP: 0/0
    14 | D        | Reached ** piety under Trog
    22 | D        | Noticed a worker ant
    22 | D        | Noticed an ice beast
    25 | D        | Reached *** piety under Trog
    25 | D        | Reached XP level 2. HP: 31/31 MP: 1/1
    27 | D        | Reached skill level 4 in Unarmed Combat
    27 | D        | Reached XP level 3. HP: 39/39 MP: 2/2
    32 | D        | Killed an ice beast
    32 | D        | Reached skill level 5 in Fighting
    32 | D        | Reached skill level 5 in Dodging
    32 | D        | Reached skill level 6 in Unarmed Combat
    32 | D        | Reached XP level 4. HP: 50/50 MP: 3/3
    67 | D        | Found a roughly hewn altar of Beogh.
    67 | D        | Found a snail-covered altar of Cheibriados.
    67 | D        | Found a shadowy altar of Dithmenos.
    67 | D        | Found a white marble altar of Elyvilon.
    67 | D        | Found a blossoming altar of Fedhas.
    67 | D        | Found an opulent altar of Gozag.
    68 | D        | Found a hazy altar of Hepliaklqana.
    69 | D        | Found a viscous altar of Jiyva.
    70 | D        | Found an ancient bone altar of Kikubaaqudgha.
    71 | D        | Found a corrupted altar of Lugonu.
    72 | D        | Found a burning altar of Makhleb.
    73 | D        | Found a sparkling altar of Nemelex Xobeh.
    74 | D        | Found an iron altar of Okawaru.
    75 | D        | Found a stormy altar of Qazlal.
    76 | D        | Found a sacrificial altar of Ru.
    77 | D        | Found a shimmering blue altar of Sif Muna.
    78 | D        | Found a bloodstained altar of Trog.
    79 | D        | Found a hide-covered altar of Uskayaw.
    80 | D        | Found a radiant altar of Vehumet.
    81 | D        | Found an ornate altar of the Wu Jian Council.
    82 | D        | Found a shimmering altar of Xom.
    83 | D        | Found a basalt altar of Yredelemnul.
    84 | D        | Found a glowing silver altar of Zin.
    85 | D        | Found a glowing golden altar of the Shining One.
   133 | D        | Noticed an ogre
   133 | D        | Noticed an orc warrior
   133 | D        | Noticed a sky beast
   133 | D        | Noticed a two-headed ogre
   135 | D        | Killed an ogre
   135 | D        | Reached **** piety under Trog
   135 | D        | Reached skill level 7 in Unarmed Combat
   135 | D        | Reached XP level 5. HP: 59/59 MP: 4/4
   138 | D        | Killed an orc warrior
   138 | D        | Reached skill level 8 in Unarmed Combat
   138 | D        | Reached XP level 6. HP: 68/68 MP: 5/5
   140 | D        | Killed a sky beast
   140 | D        | Reached skill level 9 in Unarmed Combat
   145 | D        | Killed a two-headed ogre
   145 | D        | Reached ***** piety under Trog
   145 | D        | Reached skill level 11 in Unarmed Combat
   145 | D        | Reached XP level 7. HP: 81/81 MP: 6/6
   145 | D        | Reached XP level 8. HP: 89/89 MP: 7/7
   203 | D        | Noticed a skeletal warrior
   203 | D        | Noticed a troll
   203 | D        | Noticed a purple ugly thing
   213 | D        | Killed a skeletal warrior
   213 | D        | Reached skill level 12 in Unarmed Combat
   216 | D        | Killed a troll
   216 | D        | Reached skill level 13 in Unarmed Combat
   229 | D        | Killed a purple ugly thing
   229 | D        | Reached XP level 9. HP: 72/100 MP: 8/8
   406 | D        | Noticed a komodo dragon
   406 | D        | Noticed a rime drake
   406 | D        | Noticed a cane toad
   406 | D        | Noticed a komodo dragon
   413 | D        | Killed a komodo dragon
   413 | D        | Received a gift from Trog
   413 | D        | Reached skill level 10 in Dodging
   413 | D        | Reached skill level 14 in Unarmed Combat
   414 | D        | Noticed an oklob plant
   416 | D        | Killed a rime drake
   416 | D        | Reached skill level 10 in Fighting
   416 | D        | Reached skill level 1 in Stealth
   417 | D        | Killed a cane toad
   417 | D        | Reached skill level 1 in Armour
   421 | D        | Killed a komodo dragon
   421 | D        | Reached skill level 15 in Unarmed Combat
   438 | D        | Reached XP level 10. HP: 89/111 MP: 9/9
   494 | D        | Killed an oklob plant
   494 | D        | Reached ****** piety under Trog
   503 | D        | Received a gift from Trog
   503 | D        | Reached skill level 16 in Unarmed Combat
   508 | D        | Noticed a cane toad
   510 | D        | Noticed a cane toad
   529 | D        | Killed a cane toad
   529 | D        | Received a gift from Trog
   530 | D        | Killed a cane toad
   745 | D        | Noticed a death yak
   745 | D        | Noticed a death yak
   745 | D        | Noticed a catoblepas
   756 | D        | Killed a death yak
   756 | D        | Reached skill level 17 in Unarmed Combat
   784 | D        | Killed a death yak
   788 | D        | Killed a catoblepas
   788 | D        | Reached XP level 11. HP: 87/120 MP: 10/10
   799 | D        | Received a gift from Trog
   799 | D        | Reached skill level 5 in Armour
   802 | D        | Reached skill level 1 in Evocations
  1124 | D        | Received a gift from Trog
  1173 | D        | Noticed an orc knight
  1178 | D        | Received a gift from Trog
  1179 | D        | Noticed an orc high priest
  1182 | D        | Killed an orc knight
  1182 | D        | Reached skill level 18 in Unarmed Combat
  1211 | D        | Killed an orc high priest
  1219 | D        | Received a gift from Trog
  1248 | D        | Found Zoorim's Antique Weapon Emporium.
  1248 | D        | Noticed an orc sorcerer
  1254 | D        | Found Iczoongi's Armour Shoppe.
  1255 | D        | Killed an orc sorcerer
  1257 | D        | Received a gift from Trog
  1258 | D        | Found Qicip's Jewellery Emporium.
  1260 | D        | Noticed an orc sorcerer
  1267 | D        | Noticed an orc sorcerer
  1272 | D        | Found Jyotzaiv's Antique Armour Shoppe.
  1273 | D        | Killed an orc sorcerer
  1273 | D        | Received a gift from Trog
  1273 | D        | Reached skill level 19 in Unarmed Combat
  1279 | D        | Killed an orc sorcerer
  1292 | D        | Received a gift from Trog
  1450 | D        | Bought the +1 cloak of Beogh's Wrath {rPois MR- Str+8
                  | Int-5} for 273 gold pieces
  1460 | D        | Bought an uncursed amulet of the acrobat for 420 gold
                  | pieces
  1526 | D        | Noticed Psyche
  1532 | D        | Killed Psyche
  1629 | D        | Noticed a white ugly thing
  1629 | D        | Noticed a death knight
  1629 | D        | Noticed a wolf spider
  1633 | D        | Killed a white ugly thing
  1641 | D        | Noticed an ettin
  1642 | D        | Killed a death knight
  1645 | D        | Killed a wolf spider
  1645 | D        | Received a gift from Trog
  1645 | D        | Reached skill level 20 in Unarmed Combat
  1646 | D        | Noticed a stone giant
  1650 | D        | Noticed a stone giant
  1655 | D        | Killed an ettin
  1655 | D        | Noticed a stone giant
  1656 | D        | Noticed a stone giant
  1661 | D        | Noticed an ogre mage
  1662 | D        | Killed a stone giant
  1662 | D        | Reached XP level 12. HP: 130/130 MP: 11/11
  1669 | D        | Killed a stone giant
  1669 | D        | Reached skill level 21 in Unarmed Combat
  1672 | D        | Killed a stone giant
  1672 | D        | Received a gift from Trog
  1675 | D        | Killed a stone giant
  1679 | D        | Killed an ogre mage
  1681 | D        | Noticed a deep troll earth mage
  1694 | D        | Killed a deep troll earth mage
  1694 | D        | Reached skill level 22 in Unarmed Combat
  1772 | D        | Noticed Gastronok
  1873 | D        | Killed Gastronok
  1873 | D        | Received a gift from Trog
  1904 | D        | Noticed Sonja
  1908 | D        | Noticed Saint Roka
  1921 | D        | Killed Sonja
  1928 | D        | Killed Saint Roka
  1928 | D        | Reached skill level 23 in Unarmed Combat
  1933 | D        | Received a gift from Trog
  1978 | D        | Noticed Donald
  1990 | D        | Annihilated by Donald

Illustrated notes

Levels and vault maps discovered:
D:        linesprint [early_d, line_temple, items_1, d_10, items_2, lair_1,
          lair_end, items_3, orc_1, orc_end, items_4, d_15, swamp_1, shoals_1,
          snake_1, spider_1, d_20, vaults_1, items_5, swamp_end, shoals_end,
          snake_end, spider_end, vaults_end, d_27, items_6, zot_1, zot_end,
          crypt_end, forest_end, elf_end, slime_end, tomb_end, abyss_end,
          pan_hell_end]

Skill      XL: |  1  2  3  4  5  6  7  8  9 10 11 12 |
---------------+-------------------------------------+-----
Fighting       | 3 5 6 8 9 10 11 | 11.6
Dodging        | 3 5 6 8 9 10 11 12 13 | 13.1
Unarmed Combat | 4 6 7 8 11 13 15 17 20 23 | 23.4
Stealth        | 1 2 3 |  3.6
Armour         | 1 4 5 |  5.9
Evocations     | 1 |  1.9
Throwing       | |  0.4

Action                   |  1- 3 |  4- 6 |  7- 9 | 10-12 || total
-------------------------+-------+-------+-------+-------++-------
Melee: Unarmed           |    18 |     9 |    54 |   213 ||   294
       Punch             |     1 |       |     4 |    30 ||    35
Throw: Large rock        |       |       |       |     1 ||     1
Invok: Berserk           |     1 |     1 |     2 |     8 ||    12
       Brothers in Arms  |       |       |       |     2 ||     2
Evoke: Wand              |       |       |       |     4 ||     4
  Use: Potion            |       |       |       |     1 ||     1
 Stab: Petrified         |       |       |       |     1 ||     1
Armor: Animal skin       |     6 |       |     1 |       ||     7
       Troll leather arm |       |       |     1 |    42 ||    43
Dodge: Dodged            |     7 |     2 |     9 |   100 ||   118

Table legend: (Time is in decaauts)
 A = Elapsed time spent in this place.
 B = Non-inter-level travel time spent in this place.
 C = Inter-level travel time spent in this place.
 D = Time resting spent in this place.
 E = Time spent auto-exploring this place.
 F = Levels seen in this place.
 G = Mean time per level.
                   A        B        C        D        E       F      G
               +--------+--------+--------+--------+--------+-----+--------+
         Total |   2012 |   2012 |      0 |    654 |    330 |   1 | 2012.0 |
       Dungeon |   2012 |   2012 |      0 |    654 |    330 |   1 | 2012.0 |
               +--------+--------+--------+--------+--------+-----+--------+

Top non-repeatable levels by time:
       D: 2012 daAuts
